 Dungeon Crawl Stone Soup version 0.28-a0-1594-ga885d4b3d6 (webtiles) character file.

Game seed: 9226847276888245957

6971 HallandMoats the Cleaver (level 11, 0/67 HPs)
             Began as a Gargoyle Fighter on Jan 21, 2022.
             Was a Believer of Okawaru.
             Slain by an orc warrior (8 damage)
             ... in a bailey.
             The game lasted 00:11:50 (9740 turns).

HallandMoats the Cleaver (Gargoyle Fighter)         Turns: 9740, Time: 00:11:51

Health: 0/67       AC: 20    Str: 20    XL:     11   Next: 8%
Magic:  14/14      EV: 12    Int:  9    God:    Okawaru [**....]
Gold:   466        SH: 10    Dex: 13    Spells: 10/10 levels left

rFire   . . .      SeeInvis .   a - +0 war axe (venom)
rCold   + . .      Faith    .   c - +0 buckler
rNeg    + . .      Spirit   .   q - +3 scale mail {rC+}
rPois   ∞          Reflect  +   (no helmet)
rElec   +          Harm     .   o - +0 cloak
rCorr   .          Rampage  .   (no gloves)
Will    .....                   (no boots)
Stlth   ..........              e - amulet of reflection
HPRegen 0.21/turn               (no ring)
MPRegen 0.14/turn               (no ring)

@: no status effects
A: sickness immunity, AC +8, negative energy resistance 1, electricity
resistance, torment resistance 1, petrification resistance
a: Renounce Religion, Heroism


You were in a bailey.
You worshipped Okawaru.
Okawaru was pleased with you.
You visited 2 branches of the dungeon, and saw 10 of its levels.
You also visited: Bailey.

You collected 466 gold pieces.

Inventory:

Hand Weapons
 a - a +0 war axe of venom (weapon)
 b - a +3 dagger of venom
Missiles
 B - 4 throwing nets (quivered)
Armour
 c - a +0 buckler (worn)
 o - a +0 cloak (worn)
 q - a +3 scale mail of cold resistance (worn)
Jewellery
 e - an amulet of reflection (around neck)
Wands
 A - a wand of iceblast (10)
Scrolls
 h - a scroll of summoning
 i - 4 scrolls of identify
 p - 3 scrolls of amnesia {unknown}
 r - a scroll of enchant weapon
 v - 2 scrolls of teleportation
 w - a scroll of noise {unknown}
 x - a scroll of enchant armour
 y - 2 scrolls of blinking {unknown}
 C - a scroll of silence
Potions
 d - 4 potions of might
 f - a potion of attraction {unknown}
 g - a potion of lignification {unknown}
 j - a potion of cancellation {unknown}
 k - a potion of flight
 l - 6 potions of curing
 m - a potion of invisibility {unknown}
 n - 3 potions of degeneration {unknown}
 s - a potion of mutation {unknown}
 t - a potion of brilliance {unknown}
 z - a potion of heal wounds {unknown}


   Skills:
 + Level 7.5 Fighting
 * Level 8.3 Axes
 + Level 7.4 Armour
 * Level 7.3 Dodging
 - Level 6.4 Shields
 * Level 5.1 Invocations


You had 10 spell levels left.
You didn't know any spells.
Your spell library contained the following spells:

 Spells                   Type           Power      Damage    Failure   Level
 Scorch                   Fire           0%         2d5       89%         2
 Flame Wave               Conj/Fire      0%         2d4       100%        4
 Passage of Golubria      Tloc           0%         N/A       100%        4
 Silence                  Hex/Air        0%         N/A       100%        5
 Lehudib's Crystal Spear  Conj/Erth      0%         10d2      100%        8
 Summon Cactus Giant      Summ           Unusable   N/A       N/A         6

Dungeon Overview and Level Annotations

Branches:
Dungeon (9/15)             Temple (1/1) D:7            Lair (0/6) D:8
 Bailey (1/1)
    Orc: D:9-12

Altars:
Ashenzari
Cheibriados
Dithmenos
Elyvilon
Fedhas
Gozag
Hepliaklqana
Kikubaaqudgha
Makhleb
Nemelex Xobeh
Okawaru
Qazlal
Ru
Sif Muna
Trog
Uskayaw
Vehumet
Wu Jian
Xom
Yredelemnul
Zin
The Shining One

Shops:
D:2 [


Innate Abilities, Weirdness & Mutations

You are immune to sickness and miasma.
Your stone body is resilient. (AC +8)
You are immune to poison.
You resist negative energy. (rN+)
You are resistant to electric shocks. (rElec)
You are resistant to unholy torment.
You are immune to petrification.


Message History

There is an open door here.
The orc knight roars a battlecry!
The orc warrior goes into a battle-frenzy!
You kill the orc knight!
Okawaru accepts your kill.
Your Invocations skill increases to level 5!
Things that are here:
2 boomerangs; a kobold corpse Unknown command.
You block the orc warrior's attack.
An orc warrior comes into view. It is wielding a +0 war axe.
You slash the orc warrior!
The orc warrior is heavily wounded.
You block the orc warrior's attack.
You hit the orc warrior.
The orc warrior is poisoned.
The orc warrior is severely wounded.
The orc warrior hits you with a +0 war axe!
You block the orc warrior's attack.
You closely miss the orc warrior.
The orc warrior is severely wounded.
You barely miss the orc warrior.
The orc warrior hits you with a +0 war axe!
* * * LOW HITPOINT WARNING * * *
You block the orc warrior's attack.
You closely miss the orc warrior.
The orc warrior is severely wounded.
You barely miss the orc warrior. You closely miss the orc warrior.
The orc warrior hits you with a +0 war axe.
* * * LOW HITPOINT WARNING * * *
You block the orc warrior's attack.
You hit the orc warrior but do no damage.
The orc warrior looks as sick as possible!
The orc warrior is severely wounded.
You hit the orc warrior.
You hit the orc warrior but do no damage.
The orc warrior is poisoned.
You block the orc warrior's attack.
The orc warrior hits you with a +0 war axe.
* * * LOW HITPOINT WARNING * * *
The orc warrior hits you with a +0 war axe!
You die...

≈≈K#...[og.#∩≈≈≈≈≈≈)....###
## #.......####(≈≈)≈≈≈≈≈≈≈#
# ####'####..#.....≈≈≈≈≈≈≈≈
# ....oo.....###......#####
####o####o.# #.....### #
#.o#+#.......## #
#..#....⌠.....# ####
##)#o........##
...#########..oo@.(....##
.(.(...........Ko...####
#######.############# ...#
#...## ####


You could see 4 orc warriors and a kobold.

Vanquished Creatures
  Harold (D:8)
  Pikel (D:4)
  2 orc knights (Bailey)
  Psyche (D:9)
  Prince Ribbit (D:5)
  A yak (D:8)
  5 water moccasins
  2 ice beasts
  A sky beast (D:7)
  3 black bears (D:8)
  A hornet zombie (D:8)
  2 ogres
  2 orc warriors
  4 necrophages
  4 centaurs
  The ghost of riojii the Insei, an amateur OpTm (D:3)
  A kobold brigand (D:8)
  3 phantoms
  4 bullfrogs
  3 scorpions
  A water moccasin zombie (D:6)
  A wyvern skeleton (D:5)
  14 wights
  3 centaur zombies
  5 hounds
  2 bullfrog zombies
  A gnoll shaman (D:5)
  2 orc priests (D:8)
  Crazy Yiuf (D:2)
  A bullfrog skeleton (D:6)
  An orc wizard (D:8)
  3 iguanas
  Terence (D:3)
  A howler monkey zombie (D:5)
  2 howler monkey skeletons
  3 gnolls
  3 adders
  A white imp (D:8)
  2 worms
  4 dart slugs
  25 orcs
  3 bats
  14 endoplasms
  A giant cockroach (D:1)
  9 goblins
  10 hobgoblins
  6 jackals (D:1)
  9 ball pythons
  7 frilled lizards
  25 kobolds
  8 rats
212 creatures vanquished.

Vanquished Creatures (others)
  46 fungi
  26 plants (D:8)
72 creatures vanquished.

Grand Total: 284 creatures vanquished

Notes
Turn   | Place    | Note
-------+----------+-------------------------------------------
     0 | D:1      | HallandMoats the Gargoyle Fighter began the quest for the
                  | Orb.
     0 | D:1      | Reached XP level 1. HP: 14/14 MP: 1/1
   313 | D:1      | Reached skill level 2 in Axes
   317 | D:1      | Reached XP level 2. HP: 16/19 MP: 2/2
   762 | D:1      | Reached skill level 1 in Dodging
   802 | D:1      | Reached XP level 3. HP: 13/23 MP: 3/3
  1873 | D:2      | Found Fussosmez's Armour Boutique.
  2290 | D:2      | Reached XP level 4. HP: 28/28 MP: 4/4
  2500 | D:2      | Found a runed translucent door.
  2501 | D:2      | Noticed Crazy Yiuf
  2516 | D:2      | Killed Crazy Yiuf
  2907 | D:3      | Noticed Terence
  2921 | D:3      | Killed Terence
  3013 | D:3      | Found a runed translucent gate.
  3014 | D:3      | Found a runed translucent gate.
  3021 | D:3      | Noticed riojii's ghost (amateur OpTm)
  3064 | D:3      | Found a runed translucent gate.
  3299 | D:3      | Reached XP level 5. HP: 31/33 MP: 5/5
  3376 | D:3      | Found a faded altar of an unknown god.
  3566 | D:3      | Killed riojii's ghost
  3567 | D:3      | Reached skill level 3 in Axes
  3675 | D:4      | Noticed an ogre
  3689 | D:4      | Killed an ogre
  3690 | D:4      | Reached XP level 6. HP: 36/38 MP: 6/6
  3747 | D:4      | Noticed a necrophage
  3763 | D:4      | Killed a necrophage
  3889 | D:4      | Noticed Pikel
  3912 | D:4      | Paralysed by Pikel for 5 turns
  3933 | D:4      | Killed Pikel
  3934 | D:4      | Reached skill level 4 in Axes
  3934 | D:4      | Reached XP level 7. HP: 14/44 MP: 7/7
  4480 | D:5      | Entered Level 5 of the Dungeon
  4480 | D:5      | Noticed Prince Ribbit
  4499 | D:5      | Killed Prince Ribbit
  4500 | D:5      | Reached skill level 5 in Fighting
  4500 | D:5      | Reached XP level 8. HP: 43/49 MP: 8/8
  4529 | D:5      | Reached skill level 5 in Shields
  4558 | D:4      | Reached skill level 5 in Axes
  4995 | D:5      | Reached skill level 5 in Armour
  5136 | D:5      | Found a white marble altar of Elyvilon.
  5489 | D:5      | Reached XP level 9. HP: 51/54 MP: 9/9
  5612 | D:5      | Reached skill level 5 in Dodging
  5767 | D:6      | Reached skill level 6 in Axes
  7799 | D:7      | Found a staircase to the Ecumenical Temple.
  7841 | Temple   | Entered the Ecumenical Temple
  7929 | Temple   | Became a worshipper of Warmaster Okawaru
  8139 | D:8      | Reached skill level 7 in Axes
  8139 | D:8      | Reached skill level 1 in Invocations
  8139 | D:8      | Reached XP level 10. HP: 41/61 MP: 9/11
  8152 | D:8      | Found a staircase to the Lair.
  8173 | D:8      | Reached * piety under Okawaru
  8392 | D:8      | Noticed Harold
  8412 | D:8      | Killed Harold
  8728 | D:8      | Reached ** piety under Okawaru
  9533 | D:9      | Noticed Psyche
  9541 | D:9      | Killed Psyche
  9558 | D:9      | Found a flagged portal.
  9565 | Bailey   | Entered a bailey
  9590 | Bailey   | Noticed an orc knight
  9603 | Bailey   | Noticed an orc knight
  9619 | Bailey   | Killed an orc knight
  9620 | Bailey   | Reached skill level 8 in Axes
  9640 | Bailey   | Reached XP level 11. HP: 50/67 MP: 14/14
  9711 | Bailey   | Identified the +1 plate armour of Negation {rF+++ rCorr
                  | Int+4}
  9732 | Bailey   | Killed an orc knight
  9733 | Bailey   | Reached skill level 5 in Invocations
  9740 | Bailey   | Slain by an orc warrior

Illustrated notes

Levels and vault maps discovered:
D:1:      elethiomel_arrival_shortcut, layout_loops_ring,
          minmay_indecisive_spiral
D:2:      layout_basic, serial_shops, nicolae_diamond_shop,
          uniq_crazy_yiuf_cottage
D:3:      layout_loops_ring, gammafunk_ghost_split,
          dreamdust_ecumenical_altar_angels_and_demons, uniq_terence
D:4:      layout_rooms, uniq_pikel
D:5:      layout_basic, marbit_many_paths, uniq_prince_ribbit1
D:6:      layout_layer_cave, kennysheep_dice
D:7:      layout_loops_cross, minmay_temple_entry_butterflies
D:8:      layout_loops_ring, due_lair_maze_entry_diamond,
          hangedman_abyss_or_decor_clamps, uniq_harold
D:9:      layout_loops_cross, enter_bailey_3, uniq_psyche
Temple:   dpeg_three_leaves_temple
Bailey:   bailey_axe_4, bailey

Skill      XL: |  1  2  3  4  5  6  7  8  9 10 11 |
---------------+----------------------------------+-----
Axes           | 2 3 4 5 7 8 |  8.3
Dodging        | 1 2 3 4 6 7 |  7.3
Fighting       | 4 5 6 7 |  7.5
Armour         | 4 5 6 7 |  7.4
Shields        | 4 5 6 |  6.4
Invocations    | 1 4 5 |  5.1

Action                   |  1- 3 |  4- 6 |  7- 9 | 10-12 || total
-------------------------+-------+-------+-------+-------++-------
Melee: War axe           |    99 |       |   270 |   234 ||   603
       Dagger            |    49 |   125 |   115 |       ||   289
       Unarmed           |       |       |     6 |       ||     6
Invok: Heroism           |       |       |       |     1 ||     1
  Use: Scroll            |       |       |     6 |       ||     6
       Potion            |       |       |       |     3 ||     3
Armor: Scale mail        |    65 |    36 |   212 |    90 ||   403
       Skin              |       |       |     2 |       ||     2
Dodge: Dodged            |    79 |    41 |   231 |   114 ||   465
Block: Buckler           |    24 |    18 |   182 |   138 ||   362
       Reflection        |       |       |       |    21 ||    21

Table legend: (Time is in decaauts)
 A = Elapsed time spent in this place.
 B = Non-inter-level travel time spent in this place.
 C = Inter-level travel time spent in this place.
 D = Time resting spent in this place.
 E = Time spent auto-exploring this place.
 F = Levels seen in this place.
 G = Mean time per level.
                   A        B        C        D        E       F      G
               +--------+--------+--------+--------+--------+-----+--------+
         Total |   9885 |   9604 |    281 |    575 |   7024 |  11 |  898.6 |
       Dungeon |   9609 |   9338 |    271 |    575 |   6947 |   9 | 1067.7 |
        Temple |     98 |     88 |     10 |      0 |     55 |   1 |   98.0 |
        Bailey |    176 |    176 |      0 |      0 |     22 |   1 |  176.0 |
               +--------+--------+--------+--------+--------+-----+--------+

Top non-repeatable levels by time:
     D:1: 1589 daAuts
     D:8: 1471 daAuts
     D:2: 1254 daAuts
     D:4: 1231 daAuts
     D:7: 1177 daAuts
     D:6: 1097 daAuts
     D:3: 878 daAuts
     D:5: 873 daAuts
  Bailey: 176 daAuts
  Temple: 98 daAuts
     D:9: 34 daAuts
